 Dungeon Crawl Stone Soup version 0.21.1-1-g345015f (webtiles) character file.

88580 Supreme the Earth Mage (level 15, -3/132 HPs)
             Began as a Gargoyle Earth Elementalist on Apr 15, 2018.
             Was a High Priest of Vehumet.
             Slain by a peacekeeper (25 damage)
             ... in the Desolation of Salt.
             The game lasted 06:26:50 (22295 turns).

Supreme the Earth Mage (GrEE)                      Turns: 22295, Time: 06:26:50

Health: -3/132     AC: 27    Str: 17    XL:     15   Next: 94%
Magic:  3/33       EV:  2    Int: 24    God:    Vehumet [*****.]
Gold:   1284       SH: 10    Dex: 15    Spells: 3/43 levels left

rFire    + . .     SeeInvis .   i - +3 dagger (elec)
rCold    . . .     Gourm    .   V - +3 buckler
rNeg     + + +     Faith    .   (armour currently unavailable)
rPois    ∞         Spirit   .   (helmet currently unavailable)
rElec    +         Reflect  +   (cloak currently unavailable)
rCorr    .         Harm     .   (gloves currently unavailable)
MR       +....     NoTele   +   (boots currently unavailable)
Stlth    ++++++....             v - +2 amulet of reflection
HPRegen  0.32/turn              k - ring "Ettics" {rElec rF+ MR+ Int+2}
MPRegen  0.23/turn              x - ring of stealth

@: mighty, agile, tree-form, vulnerable, hasted, very quick
A: negative energy resistance 1, petrification resistance, rot immunity, AC +11
a: Renounce Religion


You were in the Desolation of Salt.
You worshipped Vehumet.
Vehumet was extremely pleased with you.
You were not hungry.
You were a tree.
You visited 7 branches of the dungeon, and saw 25 of its levels.
You also visited: Desolation.

You collected 2234 gold pieces.
You spent 950 gold pieces at shops.

Inventory:

Hand Weapons
 e - a +0 long sword
 h - a +0 blowgun
 i - a +3 dagger of electrocution (weapon)
Missiles
 b - 2 stones (quivered)
 g - 8 curare-tipped needles
 K - 2 throwing nets
Armour
 F - a +2 cloak (melded)
 L - the +27 Lear's hauberk (melded)
   (You found it on level 4 of the Lair of Beasts)
 V - a +3 buckler (worn)
Jewellery
 a - an uncursed ring of wizardry
 c - an uncursed ring of ice
 k - the ring "Ettics" (left branch) {rElec rF+ MR+ Int+2}
   (You bought it in a shop on level 7 of the Dungeon)

   [ring of intelligence]

   It affects your intelligence (+2).
   It protects you from fire.
   It insulates you from electricity.
   It affects your resistance to hostile enchantments.
 v - a +2 amulet of reflection (around neck)
 x - a ring of stealth (right branch)
 I - an uncursed ring of fire
Wands
 w - a wand of enslavement (17)
 C - a wand of digging (15)
 E - a wand of iceblast (3)
 M - a wand of disintegration (7)
 U - a wand of flame (47)
 Y - a wand of polymorph (12)
Scrolls
 f - 10 scrolls of teleportation
 t - a scroll of remove curse
 u - 2 scrolls of magic mapping
 G - 3 scrolls of immolation
 J - 5 scrolls of blinking
 S - a scroll of fog
Potions
 j - a potion of agility
 p - 3 potions of brilliance
 q - 2 potions of curing
 A - 2 potions of lignification
Miscellaneous
 R - a lamp of fire
Comestibles
 d - 36 rations
 m - 9 chunks of flesh


   Skills:
 + Level 8.0 Fighting
   Level 4.0 Maces & Flails
 * Level 6.0 Armour
 + Level 6.0 Dodging
 + Level 9.5 Stealth
 - Level 5.1 Shields
 + Level 14.7 Spellcasting
 + Level 8.4 Conjurations
 + Level 4.3 Hexes
 - Level 2.0 Transmutations
 + Level 1.1 Fire Magic
 - Level 0.2 Ice Magic
 + Level 16.4 Earth Magic


You had 3 spell levels left.
You knew the following spells:

 Your Spells              Type           Power        Failure   Level  Hunger
a - Sandblast             Erth           ######       0%          1    None
b - Passwall              Tmut/Erth      ######....   1%          2    None
c - Stone Arrow           Conj/Erth      ######       1%          3    None
d - Lee's Rapid Deconstr  Erth           #######...   1%          5    ##.....
e - Dazzling Spray        Conj/Hex       #####.       1%          3    None
f - Tukima's Dance        Hex            #####...     1%          3    None
g - Ensorcelled Hibernat  Hex/Ice        ####..       1%          2    None
h - Fulminant Prism       Conj/Hex       #####.....   1%          4    None
i - Bolt of Magma         Conj/Fire/Erth ######....   1%          5    ##.....
j - Iskenderun's Mystic   Conj           ######..     1%          4    None
k - Swiftness             Chrm/Air       ###.....     4%          2    None
l - Iron Shot             Conj/Erth      ######....   1%          6    ####...


Dungeon Overview and Level Annotations

Branches:
Dungeon (13/15)            Temple (1/1) D:5            Lair (6/6) D:10
 Shoals (1/4) Lair:3       Spider (0/4) Lair:4        Slime (1/5) Lair:6
    Orc (2/2) D:10            Elf (1/3) Orc:2
 Vaults: D:13-14

Altars:
Ashenzari
Cheibriados
Dithmenos
Elyvilon
Fedhas
Gozag
Hepliaklqana
Kikubaaqudgha
Makhleb
Nemelex Xobeh
Okawaru
Qazlal
Ru
Sif Muna
Trog
Uskayaw
Vehumet
Wu Jian
Xom
Yredelemnul
Zin
The Shining One
Beogh

Shops:
D:7 =(   Orc:2 [(%!   Elf:1 *


Innate Abilities, Weirdness & Mutations

You are resistant to torment.
((Your stone body is resilient. (AC +11)))
You are immune to poison.
((Your large and strong wings let you fly indefinitely.))
You resist negative energy. (rN+)
((You are resistant to electric shocks. (rElec)))
((You can survive without breathing.))
You are immune to petrification.
You are immune to rotting.


Message History

You feel better.
The peacekeeper bites you but does no damage.
The peacekeeper claws you but does no damage.
The saltling hits you.
* * * LOW HITPOINT WARNING * * *
You block the saltling's attack.
The saltling hits you but does no damage.
You feel better. You block the peacekeeper's attack.
The peacekeeper claws you but does no damage.
The saltling hits you!
* * * LOW HITPOINT WARNING * * *
The imperial myrmidon hits you but does no damage.
The saltling hits you!
* * * LOW HITPOINT WARNING * * *
You block the saltling's attack. x2; The peacekeeper completely misses you.
You block the peacekeeper's attack.
You feel better.
The peacekeeper no longer looks unusually strong.
You block the saltling's attack. The peacekeeper bites you!!
You die...

...............
...............
................§§
............# ...§
............#....§
............#...§§
.....§§§§§........
.....§§§8§........
.....§8♣8§........
.....§88p§........
.....§§8§§........
....#.............
....#...........§.
..................
. ..............§§
...............§
.§..........§§


You could see an imperial myrmidon, 2 peacekeepers and 4 saltlings.

Vanquished Creatures
  Gastronok (Lair:1)
  Kirke (Lair:6)
  An entropy weaver (D:12)
  A fire dragon (Lair:6)
  Harold (D:12)
  An ettin (Orc:2)
  A hydra (Lair:6)
  3 catoblepae
  A two-headed ogre (shapeshifter) (D:12)
  3 dancing weapons (Elf:1)
  A queen ant (D:12)
  The ghost of salinator123 the Slicer, a novice HOFi of Trog (D:8)
  8 two-headed ogres
  3 orc high priests (Orc:2)
  Sonja (Lair:1)
  2 deep elf knights (Elf:1)
  A fire crab (Lair:6)
  The ghost of Redear the Magician, a novice GnIE of Cheibriados (D:9)
  An unseen horror (D:13)
  4 orc knights (Orc:2)
  An orange crystal statue (D:10)
  5 orc sorcerers
  3 ugly things
  15 deep elf magi
  12 elephants
  Maurice (Orc:1)
  4 slime creatures
  3 molten gargoyles (Lair:6)
  A torpor snail (Lair:6)
  5 black mambas
  A gargoyle (D:11)
  11 spiny frogs
  5 rime drakes
  10 komodo dragons
  2 polar bears
  2 trolls
  10 hippogriffs
  A snapping turtle (Lair:3)
  16 blink frogs
  Grinder (D:6)
  A meliai zombie (D:13)
  18 yaks
  2 spriggans
  A shadow (D:12)
  9 wyverns
  2 steam dragons (Lair:6)
  7 hogs (Lair:6)
  3 hungry ghosts
  Grum (D:9)
  9 basilisks
  Eustachio (D:4)
  22 soldier ants
  3 wargs
  5 hell hounds (Lair:6)
  13 water moccasins
  10 porcupines
  2 sky beasts
  2 ice beasts
  A black bear (D:10)
  17 orc warriors
  An eye of draining (D:12)
  11 ogres
  17 wolves
  4 phantoms
  A necrophage (D:9)
  6 centaurs
  16 crocodiles
  A big kobold (D:11)
  9 bullfrogs
  2 wyvern skeletons
  15 scorpions
  11 killer bees
  An electric eel (D:10)
  11 wights
  4 howler monkeys
  A bullfrog zombie (D:8)
  6 crimson imps
  5 hounds
  5 lava snakes (Lair:6)
  A quasit (D:11)
  12 orc priests
  7 centaur skeletons
  4 jellies
  23 orc wizards
  3 bullfrog skeletons
  6 iguanas
  32 worker ants
  A hound zombie (D:11)
  A hound skeleton (D:7)
  3 gnolls (D:11)
  16 adders
  A river rat (D:5)
  6 shadow imps
  An ooze (D:1)
  4 worms
  A dart slug (D:2)
  7 leopard geckos
  63 orcs
  9 giant cockroaches
  12 goblins
  5 hobgoblins
  4 jackals (D:4)
  4 quokkas
  13 bats
  6 frilled lizards
  A jackal skeleton (D:4)
  10 kobolds
  A leopard gecko skeleton (D:8)
  5 rats
  2 fungi
  15 plants (Lair:2)
681 creatures vanquished.

Vanquished Creatures (collateral kills)
  A two-headed ogre (D:10)
1 creature vanquished.

Vanquished Creatures (others)
  A deep elf mage (Elf:1)
  A hippogriff (Lair:1)
  2 yaks (Lair:5)
  3 dancing weapons
  An orc priest (Orc:2)
  40 fulminant prisms
  22 fungi
  9 plants
79 creatures vanquished.

Grand Total: 761 creatures vanquished

Notes
Turn   | Place    | Note
-------+----------+-------------------------------------------
     0 | D:1      | Supreme the Gargoyle Earth Elementalist began the quest for the Orb.
     0 | D:1      | Reached XP level 1. HP: 10/10 MP: 3/3
   109 | D:1      | Reached skill level 4 in Earth Magic
   109 | D:1      | Reached XP level 2. HP: 11/15 MP: 0/5
   113 | D:1      | Learned a level 2 spell: Passwall
   407 | D:1      | Reached XP level 3. HP: 19/19 MP: 6/6
  1653 | D:3      | Reached XP level 4. HP: 10/24 MP: 0/7
  1658 | D:3      | Learned a level 3 spell: Stone Arrow
  1741 | D:3      | Reached skill level 1 in Transmutations
  2244 | D:4      | Found a shattered altar of Ashenzari.
  2257 | D:4      | Reached XP level 5. HP: 15/28 MP: 3/9
  2315 | D:4      | Reached skill level 5 in Earth Magic
  2373 | D:4      | Reached skill level 1 in Fighting
  2386 | D:4      | Reached XP level 6. HP: 27/34 MP: 10/10
  2480 | D:4      | Reached XP level 7. HP: 30/39 MP: 5/12
  2564 | D:4      | Noticed Eustachio
  2600 | D:4      | Killed Eustachio
  2600 | D:4      | Reached skill level 5 in Stealth
  2600 | D:4      | Reached skill level 6 in Earth Magic
  2687 | D:4      | Found a snail-covered altar of Cheibriados.
  2687 | D:4      | Found a glowing golden altar of the Shining One.
  3058 | D:5      | Entered Level 5 of the Dungeon
  3082 | D:5      | Reached skill level 7 in Earth Magic
  3082 | D:5      | Reached XP level 8. HP: 44/44 MP: 14/14
  3283 | D:5      | Found a staircase to the Ecumenical Temple.
  3303 | Temple   | Entered the Ecumenical Temple
  4245 | D:6      | Reached skill level 8 in Earth Magic
  4360 | D:6      | Reached skill level 5 in Spellcasting
  4360 | D:6      | Reached XP level 9. HP: 43/49 MP: 16/16
  4477 | D:6      | Noticed Grinder
  4491 | D:6      | Learned a level 5 spell: Lee's Rapid Deconstruction
  4497 | D:6      | Killed Grinder
  4761 | D:7      | Found Kiosti Guem's Jewellery Shoppe.
  4939 | D:7      | Learned a level 3 spell: Dazzling Spray
  4943 | D:7      | Learned a level 3 spell: Tukima's Dance
  5042 | D:7      | Found a blossoming altar of Fedhas.
  5387 | D:7      | Reached skill level 9 in Earth Magic
  5387 | D:7      | Reached XP level 10. HP: 55/56 MP: 17/19
  5408 | D:7      | Reached skill level 1 in Hexes
  5433 | D:7      | Found Zaguejau's Weapon Shop.
  5550 | D:7      | Found a shadowy altar of Dithmenos.
  5687 | D:8      | Noticed a two-headed ogre
  5764 | D:8      | Reached skill level 5 in Dodging
  5822 | D:8      | Found a white marble altar of Elyvilon.
  5932 | D:8      | Found a basalt altar of Yredelemnul.
  6012 | D:8      | Noticed salinator123's ghost (novice HOFi)
  6069 | D:8      | Reached skill level 1 in Shields
  6239 | D:8      | Killed salinator123's ghost
  6568 | D:8      | Killed a two-headed ogre
  6568 | D:8      | Reached skill level 1 in Conjurations
  6568 | D:8      | Reached skill level 10 in Earth Magic
  6853 | D:9      | Noticed a two-headed ogre
  7161 | D:9      | Found a glowing silver altar of Zin.
  7162 | D:9      | Found an ancient bone altar of Kikubaaqudgha.
  7267 | D:9      | Noticed Redear's ghost (novice GnIE)
  7524 | D:9      | Killed a two-headed ogre
  7524 | D:9      | Reached XP level 11. HP: 50/61 MP: 21/23
  7564 | D:9      | Noticed Grum
  7572 | D:9      | Killed Grum
  7583 | D:9      | Found an iron altar of Okawaru.
  7587 | D:9      | Found a sparkling altar of Nemelex Xobeh.
  7593 | D:9      | Found a stormy altar of Qazlal.
  7670 | D:9      | Killed Redear's ghost
  7691 | D:9      | Found a radiant altar of Vehumet.
  7692 | D:9      | Found a burning altar of Makhleb.
  7699 | D:9      | Became a worshipper of Vehumet
  7705 | D:10     | Entered Level 10 of the Dungeon
  7707 | D:10     | Noticed a two-headed ogre
  7801 | D:10     | Noticed an orange crystal statue
  7900 | D:10     | Reached skill level 5 in Shields
  7900 | D:10     | Reached XP level 12. HP: 70/70 MP: 21/24
  8006 | D:10     | Noticed a two-headed ogre
  8229 | D:10     | Found a staircase to the Orcish Mines.
  8237 | D:10     | Killed a two-headed ogre
  8237 | D:10     | Reached * piety under Vehumet
  8237 | D:10     | Offered knowledge of Magic Dart by Vehumet.
  8362 | D:10     | Noticed a two-headed ogre
  8380 | D:10     | Killed a two-headed ogre
  8380 | D:10     | Reached skill level 11 in Earth Magic
  8443 | D:10     | Killed a two-headed ogre
  8681 | D:10     | Found a staircase to the Lair.
  8725 | D:10     | Noticed a two-headed ogre
  8763 | D:10     | Killed a two-headed ogre
  8772 | D:10     | Found a bloodstained altar of Trog.
  8833 | D:10     | Learned a level 2 spell: Ensorcelled Hibernation
  8942 | D:11     | Offered knowledge of Flame Tongue by Vehumet.
  8947 | D:11     | Reached ** piety under Vehumet
  9054 | D:11     | Reached skill level 5 in Conjurations
  9295 | D:11     | Noticed a two-headed ogre
  9320 | D:11     | Killed a two-headed ogre
  9320 | D:11     | Reached skill level 10 in Spellcasting
  9647 | D:11     | Offered knowledge of Static Discharge by Vehumet.
  9902 | D:12     | Reached *** piety under Vehumet
  9904 | D:12     | Noticed an entropy weaver
 10003 | D:12     | Noticed Harold
 10016 | D:12     | Killed Harold
 10068 | D:12     | Reached XP level 13. HP: 67/76 MP: 18/27
 10129 | D:12     | Reached skill level 12 in Earth Magic
 10231 | D:12     | Offered knowledge of Throw Icicle by Vehumet.
 10807 | D:7      | Bought the ring "Ettics" {rElec rF+ MR+ Int+2} for 511 gold pieces
 10807 | D:7      | Bought a cursed ring of loudness for 67 gold pieces
 11199 | D:12     | Reached **** piety under Vehumet
 11224 | D:12     | Offered knowledge of Fulminant Prism by Vehumet.
 11247 | D:12     | Learned a level 4 spell: Fulminant Prism
 11268 | D:12     | Noticed an entropy weaver
 11394 | D:12     | Killed an entropy weaver
 11490 | D:12     | Reached skill level 13 in Earth Magic
 11688 | D:13     | Got a pair of heavily runed boots
 11699 | D:13     | Identified the cursed +0 pair of boots of Retinam {rPois rN++} (You found it on level 13 of the Dungeon)
 11830 | D:13     | Noticed a vault guard
 12091 | Lair:1   | Entered Level 1 of the Lair of Beasts
 12100 | Lair:1   | Noticed Sonja
 12136 | Lair:1   | Killed Sonja
 12143 | Lair:1   | Noticed Gastronok
 12168 | Lair:1   | Reached ***** piety under Vehumet
 12168 | Lair:1   | Offered knowledge of Bolt of Magma by Vehumet.
 12192 | Lair:1   | Learned a level 5 spell: Bolt of Magma
 12623 | Lair:1   | Killed Gastronok
 13142 | Lair:2   | Gained mutation: Your large and strong wings let you fly indefinitely. [Gargoyle growth]
 13142 | Lair:2   | Reached XP level 14. HP: 43/82 MP: 5/30
 13502 | Lair:2   | Reached skill level 14 in Earth Magic
 14371 | Lair:3   | Reached skill level 1 in Fire Magic
 14403 | Lair:3   | Found a staircase to the Shoals.
 14927 | Lair:3   | You fall through a shaft!
 15173 | Lair:4   | Found a hole to the Spider Nest.
 15232 | Lair:4   | Found the +27 Lear's hauberk
 16101 | Lair:5   | Offered knowledge of Iskenderun's Mystic Blast by Vehumet.
 16111 | Lair:5   | Learned a level 4 spell: Iskenderun's Mystic Blast
 16986 | Lair:6   | Entered Level 6 of the Lair of Beasts
 16990 | Lair:6   | Found a staircase to the Slime Pits.
 17257 | Lair:6   | Reached skill level 15 in Earth Magic
 17461 | Lair:6   | Noticed Kirke
 17893 | Lair:6   | Reached XP level 15. HP: 62/88 MP: 9/32
 18337 | Lair:6   | Found a large runed door.
 18338 | Lair:6   | Found a large runed door.
 19216 | Lair:6   | Learned a level 2 spell: Swiftness
 19464 | Lair:6   | Killed Kirke
 19516 | Slime:1  | Entered Level 1 of the Pits of Slime
 19516 | Slime:1  | Noticed an acid blob
 19522 | Slime:1  | Noticed an azure jelly
 19623 | Shoals:1 | Entered Level 1 of the Shoals
 19856 | Orc:1    | Entered Level 1 of the Orcish Mines
 20185 | Orc:1    | Noticed Maurice
 20193 | Orc:1    | Killed Maurice
 20489 | Orc:2    | Entered Level 2 of the Orcish Mines
 20586 | Orc:2    | Offered knowledge of Iron Shot by Vehumet.
 20614 | Orc:2    | Learned a level 6 spell: Iron Shot
 20852 | Orc:2    | Reached skill level 16 in Earth Magic
 21009 | Orc:2    | Found a staircase to the Elven Halls.
 21152 | Orc:2    | Found a roughly hewn altar of Beogh.
 21219 | Orc:2    | Reached skill level 5 in Armour
 21225 | Orc:2    | Paralysed by an orc sorcerer for 5 turns
 21630 | Orc:2    | Found Tuta's Distillery.
 21630 | Orc:2    | Found Ziuxzal's Antique Armour Boutique.
 21632 | Orc:2    | Found Nechidgho's Food Emporium.
 21632 | Orc:2    | Found Biuguel's Weapon Boutique.
 21658 | Orc:2    | Bought a potion of heal wounds for 60 gold pieces
 21658 | Orc:2    | Bought a potion of mutation for 96 gold pieces
 21658 | Orc:2    | Bought a potion of magic for 96 gold pieces
 21658 | Orc:2    | Bought a potion of haste for 120 gold pieces
 21869 | Elf:1    | Entered Level 1 of the Elven Halls
 22055 | Elf:1    | Found Kotilyici's Assorted Antiques.
 22241 | Elf:1    | Found a ruined gateway.
 22269 | Desolati | Entered the Desolation of Salt
 22272 | Desolati | Noticed an imperial myrmidon
 22295 | Desolati | Slain by a peacekeeper

Skill      XL: |  1  2  3  4  5  6  7  8  9 10 11 12 13 14 15 |
---------------+----------------------------------------------+-----
Earth Magic    | 4 5 7 8 9 10 11 13 15 16 | 16.4
Dodging        | 2 3 4 5 6 |  6.0
Transmutations | 1 2 |  2.0
Stealth        | 3 4 5 6 8 9 |  9.5
Fighting       | 1 2 3 4 6 7 8 |  8.0
Spellcasting   | 3 4 5 6 8 10 12 13 14 | 14.7
Hexes          | 1 2 3 4 |  4.3
Shields        | 4 5 |  5.1
Conjurations   | 1 4 5 6 8 |  8.4
Maces & Flails | 4 |  4.0
Armour         | 4 6 |  6.0
Fire Magic     | 1 |  1.1
Ice Magic      | |  0.2

Action                   |  1- 3 |  4- 6 |  7- 9 | 10-12 | 13-15 || total
-------------------------+-------+-------+-------+-------+-------++-------
Melee: Club              |    20 |       |       |       |       ||    20
       Dagger            |    83 |    64 |   299 |   366 |   771 ||  1583
 Fire: Shortbow          |       |       |     3 |       |       ||     3
Throw: Throwing net      |       |       |       |     2 |       ||     2
       Stone             |       |       |       |     1 |       ||     1
 Cast: Sandblast         |    15 |    16 |    45 |   140 |   385 ||   601
       Passwall          |     4 |     3 |     3 |    15 |    19 ||    44
       Stone Arrow       |       |       |     2 |    34 |   284 ||   320
       Tukima's Dance    |       |       |     3 |    22 |     8 ||    33
       Lee's Rapid Decon |       |       |       |     7 |    46 ||    53
       Dazzling Spray    |       |       |       |     3 |     9 ||    12
       Fulminant Prism   |       |       |       |       |    40 ||    40
       Bolt of Magma     |       |       |       |       |    16 ||    16
       Iskenderun's Myst |       |       |       |       |    32 ||    32
       Iron Shot         |       |       |       |       |     8 ||     8
       Ensorcelled Hiber |       |       |       |       |     2 ||     2
       Swiftness         |       |       |       |       |     1 ||     1
 Abil: Fly               |       |       |       |       |     1 ||     1
Evoke: Wand              |       |       |       |    16 |    23 ||    39
       Box of beasts     |       |       |       |       |     3 ||     3
       Lamp of fire      |       |       |       |       |     1 ||     1
  Use: Scroll            |     1 |       |     2 |    13 |    17 ||    33
       Potion            |       |       |       |     5 |    16 ||    21
 Stab: Sleeping          |     4 |     9 |    18 |    11 |    16 ||    58
       Distracted        |       |       |     2 |     3 |       ||     5
       Paralysed         |       |       |       |     6 |       ||     6
       Petrified         |       |       |       |       |     2 ||     2
  Eat: Chunk             |     3 |     3 |    10 |    17 |    45 ||    78
       Ration            |       |       |       |       |     1 ||     1
Armor: Robe              |    33 |     4 |       |       |       ||    37
       Leather armour    |       |    14 |   118 |   137 |   349 ||   618
       Chain mail        |       |       |       |    42 |   207 ||   249
       Skin              |       |       |       |    19 |    35 ||    54
Dodge: Dodged            |    67 |    35 |   155 |   215 |   572 ||  1044
Block: Buckler           |       |       |       |    80 |   412 ||   492
       Reflection        |       |       |       |       |    11 ||    11
